 Dungeon Crawl Stone Soup version 0.22.1-5-g62c59d9 (webtiles) character file.

20978 tamerofbeasts the Slicer (level 12, 0/101 HPs)
             Began as a Centaur Fighter on Nov 20, 2018.
             Was an Initiate of Gozag.
             Slain by an orc warrior
             ... wielding a +3 flail
              (6 damage)
             ... on level 12 of the Dungeon on Jan 15, 2019.
             The game lasted 00:59:08 (15116 turns).

tamerofbeasts the Slicer (Centaur Fighter)         Turns: 15116, Time: 00:59:09

Health: 0/101      AC: 15    Str: 23    XL:     12   Next: 50%
Magic:  12/12      EV:  6    Int: 10    God:    Gozag
Gold:   2561       SH: 12    Dex: 17    Spells: 11/11 levels left

rFire    + . .     SeeInvis +   A - +11 dagger "Xoalicho" {pierce, *Rage +Fly rF+ Str+3}
rCold    . . .     Gourm    .   c - +0 shield
rNeg     . . .     Faith    .   H - +0 plate armour
rPois    .         Spirit   .   D - +0 helmet
rElec    .         Reflect  .   (no cloak)
rCorr    .         Harm     .   o - +1 pair of gloves
MR       .....     Rnd*Rage +   (no barding)
Stlth    ..........             a - amulet of regeneration
HPRegen  0.66/turn              t - +3 ring of intelligence
MPRegen  0.13/turn              z - +4 ring of dexterity

@: about to teleport, gold aura, drained, very quick
A: large, hooves 3, see invisible, agile 1, deformed body, dopey 1, speed 2,
tough skin 3
a: Potion Petition, Call Merchant, Bribe Branch, Renounce Religion, Evoke Flight


You were on level 12 of the Dungeon.
You worshipped Gozag.
Gozag was most pleased with you.
You were not hungry.

You visited 4 branches of the dungeon, and saw 16 of its levels.

You collected 3014 gold pieces.
You spent 360 gold pieces at shops.
You paid 93 gold pieces to Gozag.

Inventory:

Hand Weapons
 A - the +11 dagger "Xoalicho" (weapon) {pierce, *Rage +Fly rF+ Str+3}
   (You found it on level 4 of the Dungeon)

   It inflicts extra damage upon your enemies.
   It affects your strength (+3).
   It protects you from fire.
   It lets you fly.
   It may make you go berserk in combat.
Armour
 c - a +0 shield (worn)
 o - a +1 pair of gloves (worn)
 p - a +2 ring mail of magic resistance
 D - a +0 helmet (worn)
 H - a +0 plate armour (worn)
Jewellery
 a - an amulet of regeneration (around neck)
 r - an uncursed amulet of the acrobat
 t - a +3 ring of intelligence (left hand)
 z - a +4 ring of dexterity (right hand)
Scrolls
 i - 2 scrolls of blinking
 k - 2 scrolls of teleportation
 n - 2 scrolls of enchant weapon
 q - 3 scrolls of amnesia
 u - 5 scrolls of magic mapping
 v - 6 scrolls of remove curse
Potions
 d - a potion of resistance {unknown}
 g - 6 potions of curing
 h - a potion of agility
 l - 6 potions of cancellation
 s - 2 potions of brilliance
 C - a potion of ambrosia
Comestibles
 f - 18 rations


   Skills:
 + Level 8.1(7.6) Fighting
 + Level 9.8(9.5) Short Blades
   Level 3.1(6.5) Long Blades
   Level 4.2(3.8) Maces & Flails
 + Level 8.3(7.8) Armour
 + Level 3.3(2.8) Dodging
 + Level 2.1(1.6) Stealth
 + Level 8.2(7.7) Shields


You had 11 spell levels left.
You didn't know any spells.
Your spell library contained the following spells:

 Spells                   Type           Power        Failure   Level  Hunger
 Corona                   Hex            #......      100%        1    ##.....
 Ensorcelled Hibernation  Hex/Ice        #.....       100%        2    ###....
 Confuse                  Hex            #.......     100%        3    ####...
 Dazzling Spray           Conj/Hex       #.....       100%        3    ####...
 Tukima's Dance           Hex            #.......     100%        3    ####...


Dungeon Overview and Level Annotations

Branches:
Dungeon (12/15)            Temple (1/1) D:7            Lair (2/6) D:9
    Orc (1/2) D:12
  Swamp: Lair:2-4    Shoals: Lair:2-4     Snake: Lair:2-4    Spider: Lair:2-4

Altars:
Ashenzari
Cheibriados
Dithmenos
Elyvilon
Fedhas
Gozag
Hepliaklqana
Kikubaaqudgha
Makhleb
Nemelex Xobeh
Okawaru
Qazlal
Ru
Sif Muna
Trog
Uskayaw
Vehumet
Wu Jian
Xom
Yredelemnul
Zin
The Shining One

Shops:
D:4 [   D:10 *}   D:12 }*:=

Annotations:
D:3 Natasha


Innate Abilities, Weirdness & Mutations

You have hooves in place of feet.
Armour fits poorly on your strangely shaped body.
You cover ground very quickly.
You have extremely tough skin. (AC +3)
You have supernaturally acute eyesight. (SInv)
You are agile. (Dex +2)
You are dopey. (Int -2)


Message History

You puncture the orc warrior!
The orc warrior is almost dead.
The orc warlord hits you with a halberd!
* * * LOW HITPOINT WARNING * * *
The orc warrior barely misses you.
The two-headed ogre hits you with a dire flail!!
* * * LOW HITPOINT WARNING * * *
The two-headed ogre closely misses you.
Okay, then.
As you read the scroll of teleportation, it crumbles to dust.
You feel strangely unstable.
The orc no longer looks unusually strong.
The orc warrior closely misses you. You block the ogre's attack.
The orc warlord roars a battlecry!
The orc goes into a battle-frenzy!
You block the orc warrior's attack.
The orc warrior no longer looks unusually strong.
The orc warrior hits you with an enchanted flail.
You die...
Your body crumbles into a pile of gold.

.#....#...............#...#.....#
.#....#.∩.............#...#.....#
.#....#...............#####......
.#....#..........................
.#....'....#####'########'#####..
.######....#..................#..
...........#............=.>/..#..
...........#....Oooo......[...#..
.....#######....@O.o..........#..
######...........######...[...#..
.................#....#.......#..
.................#....#.......#..
.................#....'.......#..
.................#....#..######..
.#######.........######..#.......
.# #.................#....... .#
#...########......#.......


You could see an orc warlord, a two-headed ogre, 2 orc warriors, an ogre and an
orc.

Vanquished Creatures
  Gastronok (Lair:2)
  Azrael (D:12)
  2 hydras
  3 death yaks (D:9)
  A two-headed ogre (D:8)
  An ugly thing (D:11)
  A manticore (D:11)
  2 black mambas (Lair:1)
  A centaur zombie (D:11)
  A spiny frog (Lair:1)
  3 trolls
  2 dream sheep (D:10)
  2 hippogriffs
  Sigmund (D:6)
  A wyvern (D:10)
  19 yaks
  A fire elemental (D:12)
  4 hungry ghosts
  A warg (D:12)
  4 hell hounds (D:12)
  3 water moccasins
  4 orc warriors
  2 porcupines
  5 ice beasts
  4 sky beasts
  Duvessa (D:5)
  3 black bears
  2 necrophages
  7 ogres
  3 phantoms
  A centaur (D:8)
  3 crocodiles
  4 big kobolds
  9 bullfrogs
  Dowan (D:5)
  3 wyvern zombies
  A scorpion (D:5)
  5 killer bees (D:8)
  10 howler monkeys
  10 wights
  5 crimson imps
  A quasit (D:11)
  2 bullfrog skeletons
  An orc priest (D:5)
  6 hounds
  A jelly (D:11)
  6 orc wizards
  2 centaur skeletons
  Natasha (twice) (D:3)
  5 iguanas
  5 worker ants
  A killer bee zombie (D:10)
  2 hound zombies
  2 hound skeletons
  2 howler monkey zombies
  2 worker ant zombies
  8 gnolls
  A howler monkey skeleton (D:10)
  16 adders
  5 shadow imps
  An ooze (D:2)
  2 adder zombies (D:7)
  2 worms
  3 dart slugs (D:1)
  4 leopard geckos
  42 orcs
  6 bats
  2 giant cockroaches (D:2)
  2 goblins
  2 hobgoblins (D:1)
  19 jackals
  9 quokkas
  3 frilled lizards
  9 kobolds
  2 quokka skeletons (D:4)
  A quokka zombie (D:8)
  9 rats
326 creatures vanquished.

Vanquished Creatures (others)
  2 fungi
  2 plants
4 creatures vanquished.

Grand Total: 330 creatures vanquished

Notes
Turn   | Place    | Note
-------+----------+-------------------------------------------
     0 | D:1      | tamerofbeasts the Centaur Fighter began the quest for the
                  | Orb.
     0 | D:1      | Reached XP level 1. HP: 19/19 MP: 1/1
   191 | D:1      | Reached XP level 2. HP: 26/26 MP: 2/2
   592 | D:1      | Reached XP level 3. HP: 29/31 MP: 3/3
  1676 | D:2      | Reached XP level 4. HP: 20/38 MP: 4/4
  2159 | D:3      | Upgraded the game from 0.22.1-2-g9c5b331 to
                  | 0.22.1-5-g62c59d9
  2388 | D:3      | Reached XP level 5. HP: 45/45 MP: 5/5
  2866 | D:3      | Noticed Natasha
  2873 | D:3      | Killed Natasha
  2873 | D:3      | Reached skill level 1 in Maces & Flails
  2994 | D:3      | Noticed Natasha
  2999 | D:3      | Killed Natasha
  3024 | D:3      | Noticed Natasha
  3369 | D:4      | Noticed a necrophage
  3444 | D:4      | Reached XP level 6. HP: 49/52 MP: 6/6
  3526 | D:4      | Found Deni's Armour Boutique.
  3592 | D:4      | Found a snail-covered altar of Cheibriados.
  3705 | D:4      | Got a twisted dagger
  3756 | D:4      | Reached skill level 1 in Dodging
  3756 | D:4      | Reached XP level 7. HP: 49/59 MP: 7/7
  3911 | D:4      | Identified the +11 dagger "Xoalicho" {pierce, *Rage +Fly
                  | rF+ Str+3} (You found it on level 4 of the Dungeon)
  4087 | D:4      | Gained mutation: You are partially covered in large bone
                  | plates. (SH +4) [mutagenic glow]
  4487 | D:4      | Found a burning altar of Makhleb.
  4487 | D:4      | Found a glowing golden altar of the Shining One.
  4566 | D:5      | Entered Level 5 of the Dungeon
  4568 | D:5      | Found an opulent altar of Gozag.
  4584 | D:5      | Became a worshipper of Gozag Ym Sagoz the Greedy
  4609 | D:5      | Found a bloodstained altar of Trog.
  4769 | D:5      | Reached skill level 1 in Short Blades
  4878 | D:5      | Reached XP level 8. HP: 53/67 MP: 8/8
  5068 | D:5      | Noticed Dowan
  5069 | D:5      | Noticed Duvessa
  5078 | D:5      | Killed Duvessa
  5078 | D:5      | Reached skill level 1 in Stealth
  5096 | D:5      | Killed Dowan
  5120 | D:5      | Found a sacrificial altar of Ru.
  5470 | D:5      | Found a deep blue altar of Sif Muna.
  5470 | D:5      | Found a radiant altar of Vehumet.
  5471 | D:5      | Found a hide-covered altar of Uskayaw.
  5922 | D:6      | Reached skill level 2 in Short Blades
  6186 | D:6      | Reached skill level 3 in Short Blades
  6327 | D:6      | Reached skill level 4 in Short Blades
  6327 | D:6      | Reached XP level 9. HP: 58/73 MP: 9/9
  6355 | D:6      | Noticed Sigmund
  6366 | D:6      | Killed Sigmund
  6498 | D:7      | Reached skill level 5 in Fighting
  6684 | D:7      | Lost mutation: You are partially covered in large bone
                  | plates. (SH +4) [potion of mutation]
  6684 | D:7      | Gained mutation: You are dopey. (Int -2) [potion of
                  | mutation]
  6684 | D:7      | Gained mutation: You are agile. (Dex +2) [potion of
                  | mutation]
  6684 | D:7      | Gained mutation: You have supernaturally acute eyesight.
                  | (SInv) [potion of mutation]
  6835 | D:7      | Reached skill level 5 in Short Blades
  6879 | D:7      | Found a staircase to the Ecumenical Temple.
  6895 | Temple   | Entered the Ecumenical Temple
  7153 | D:7      | Reached skill level 5 in Shields
  7173 | D:7      | Reached skill level 5 in Armour
  7536 | D:8      | Noticed a two-headed ogre
  7545 | D:8      | Killed a two-headed ogre
  7545 | D:8      | Reached skill level 6 in Short Blades
  7545 | D:8      | Reached XP level 10. HP: 55/83 MP: 10/10
  7922 | D:8      | Found an ornate altar of the Wu Jian Council.
  8317 | D:9      | Found a stormy altar of Qazlal.
  8546 | D:9      | Noticed a death yak
  8567 | D:9      | Reached skill level 7 in Short Blades
  8588 | D:9      | Noticed a death yak
  8594 | D:9      | Noticed a death yak
  8601 | D:9      | Killed a death yak
  8614 | D:9      | Killed a death yak
  8622 | D:9      | Reached XP level 11. HP: 31/90 MP: 11/11
  8668 | D:9      | Killed a death yak
  8691 | D:9      | Reached skill level 8 in Short Blades
  9162 | D:9      | Found a staircase to the Lair.
  9201 | Lair:1   | Entered Level 1 of the Lair of Beasts
  9711 | Lair:1   | Noticed a six-headed hydra
  9725 | Lair:1   | Killed a six-headed hydra
 10089 | Lair:2   | Noticed Gastronok
 10114 | Lair:2   | Killed Gastronok
 10116 | Lair:2   | HP: 2/92 [porcupine's spines (16)]
 10630 | D:10     | Entered Level 10 of the Dungeon
 10662 | D:10     | Found Bugon's General Store.
 11083 | D:10     | Reached skill level 9 in Short Blades
 11135 | D:10     | Found Ninneur's Assorted Antiques.
 11365 | D:10     | Found Qovapp's Gadget Boutique.
 11497 | D:10     | Reached XP level 12. HP: 62/100 MP: 12/12
 11625 | D:10     | Noticed a three-headed hydra
 11633 | D:10     | Killed a three-headed hydra
 13626 | D:12     | Found a staircase to the Orcish Mines.
 13640 | D:12     | Noticed Azrael
 13658 | D:12     | Killed Azrael
 14189 | D:12     | Found Ofaij's General Store.
 14486 | D:12     | Found Zedgh's Gadget Emporium.
 14672 | D:12     | Found Rubysecy's Book Boutique.
 14675 | D:12     | Found Ethush's Jewellery Boutique.
 14694 | D:12     | Bought an uncursed amulet of regeneration for 360 gold
                  | pieces
 14795 | Orc:1    | Entered Level 1 of the Orcish Mines
 14795 | Orc:1    | Noticed an orc warlord
 14795 | Orc:1    | Noticed a two-headed ogre
 15114 | D:12     | HP: 5/101 [two-headed ogre/dire flail (18)]
 15116 | D:12     | Slain by an orc warrior

Skill      XL: |  1  2  3  4  5  6  7  8  9 10 11 12 |
---------------+-------------------------------------+-----
Long Blades    | 2 3 |  3.1
Maces & Flails | 1 3 4 |  4.2
Armour         | 3 4 5 6 7 8 |  8.3
Fighting       | 4 5 6 7 8 |  8.1
Shields        | 3 4 5 6 7 8 |  8.2
Dodging        | 1 2 3 |  3.3
Short Blades   | 1 4 6 7 9 |  9.8
Stealth        | 1 2 |  2.1

Action                   |  1- 3 |  4- 6 |  7- 9 | 10-12 || total
-------------------------+-------+-------+-------+-------++-------
Melee: Long sword        |    84 |    42 |       |       ||   126
       Kick              |    16 |    26 |    60 |   192 ||   294
       Flail             |       |    92 |     3 |       ||    95
       Dagger            |       |       |   271 |   567 ||   838
  Use: Scroll            |       |     6 |     8 |     9 ||    23
       Potion            |       |       |    15 |    10 ||    25
 Stab: Distracted        |       |       |     1 |     1 ||     2
  Eat: Ration            |     2 |     1 |     3 |     6 ||    12
Armor: Scale mail        |    48 |       |       |       ||    48
       Ring mail         |    11 |    74 |    63 |       ||   148
       Plate armour      |       |       |    19 |   157 ||   176
Dodge: Dodged            |    32 |    36 |    45 |   112 ||   225
Block: Shield            |    55 |    73 |   129 |   256 ||   513
       Rpst.: Long sword |     8 |     7 |       |       ||    15
